 Dungeon Crawl Stone Soup version 0.31.0-1-g2c135a008e (webtiles) character file.

Game seed: 1739398609931569212

143 qw the Shooter (level 5, -3/40 HPs)
             Began as a Djinni Hunter on Jan 23, 2024.
             Was an Initiate of Okawaru.
             Slain by Pikel
             ... wielding a +1 whip of electrocution
              (9 damage)
             ... on level 4 of the Dungeon.
             The game lasted 00:00:08 (2457 turns).

qw the Shooter (Djinni Hunter)                      Turns: 2457, Time: 00:00:08

Health: -3/40      AC:  5    Str: 10    XL:     5   Next: 50%
Gold:   156        EV: 13    Int: 13    God:    Okawaru [......] SH:  0 Dex: 18

rFire   + + .        a - +1 shortbow
rCold   x . .        (shield currently unavailable)
rNeg    . . .        c - +0 leather armour
rPois   inf          (no helmet)
rElec   .            (no cloak)
rCorr   .            b - +1 pair of gloves "Toqiss" {Int+2}
SInv    .            (boots unavailable)
Will    .....        (no amulet)
Stlth   ++           (no ring)
HPRegen 0.26/turn    (no ring)
MPRegen 0.00/turn

%: infuse magic (-4 HP)
@: flying
A: sickness immunity, fire resistance 2, cold vulnerability 1, float, innate
caster, HP casting, extra vitality 1, claws 1
a: Renounce Religion


You were on level 4 of the Dungeon.
You worshipped Okawaru.
Okawaru was noncommittal.
You visited 1 branch of the dungeon, and saw 4 of its levels.

You collected 156 gold pieces.


Innate Abilities, Weirdness & Mutations

You are immune to sickness and miasma.
You are immune to poison.
Your flesh is very heat resistant. (rF++)
You are vulnerable to cold. (rC-)
You float through the air rather than walking.
You learn spells naturally, not from books.
Your magical power is your life essence.
You have superior vitality. (+4 MHP)
You have sharp fingernails.


   Skills:
 - Level 3.0 Fighting
 + Level 4.5 Ranged Weapons
 - Level 3.1 Dodging
 - Level 0.7 Stealth


You knew the following spells:

 Your Spells              Type           Power      Damage    Failure   Level
a - Apportation           Tloc           0%         N/A       38%         1
b - Jinxbite              Hex            0%         N/A       54%         2
Your spell library was empty.

Inventory:

Hand Weapons
 a - a +1 shortbow (weapon)
Armour
 b - the +1 pair of gloves "Toqiss" (worn) {Int+2}
   (You acquired it on level 3 of the Dungeon)

   Int+2:     It affects your intelligence (+2).
 c - a +0 leather armour (worn)
Scrolls
 j - a scroll of enchant armour
Potions
 d - 2 potions of curing
 g - a potion of resistance
 i - a potion of cancellation

Dungeon Overview and Level Annotations

Branches:
Dungeon (4/15)
 Temple: D:4-7

Altars:
Gozag
Makhleb
Okawaru

Annotations:
D:4 Pikel


Message History

You shoot an arrow. The arrow barely misses the lemure.
The arrow hits the lemure.
The lemure is lightly wounded.
The lemure hits you!
You shoot an arrow.
The arrow hits the lemure but does no damage.
The lemure is almost dead.
The lemure closely misses you. The lemure hits you but does no damage.
You shoot an arrow. The arrow hits the lemure.
You kill the lemure!
That felt strangely unrewarding.
You shoot an arrow. The arrow hits the endoplasm.
The endoplasm is severely wounded.
The endoplasm hits you but does no damage.
You shoot an arrow. The arrow hits the endoplasm.
The endoplasm is almost dead.
The endoplasm freezes you.
You are frozen.
You shoot an arrow. The arrow hits the endoplasm!
You kill the endoplasm!
Okawaru accepts your kill.
You shoot an arrow. The arrow closely misses the lemure.
The arrow hits the lemure.
The lemure is lightly wounded.
You shoot an arrow. The arrow hits Pikel.
Pikel is lightly wounded.
Pikel says, "I touched Geryon's horn once."
Pikel hits you with a +1 whip of electrocution!
You shoot an arrow. The arrow hits Pikel.
Pikel is lightly wounded.
Pikel hits you with a +1 whip of electrocution!
You shoot an arrow. The arrow closely misses Pikel.
The arrow hits the lemure.
The lemure is moderately wounded.
Pikel barely misses you.
You shoot an arrow. The arrow hits Pikel.
Pikel is lightly wounded.
Pikel hits you with a +1 whip of electrocution.
You are electrocuted!
You die...
Pikel says, "Another soul for the market."

..#..........#
)............#
#.#..........#
##.#..........#
#<.#..........#
#.##..........#
#.............#
#....####.#######
......... #@#
.......#..##K#
...........55#
............5#
....>##.....##
..... #.##..# ..
... . .... 5....


You could see Pikel and 3 lemures.

Vanquished Creatures
  A lemure (D:4)
  An orc wizard (D:3)
  Terence (D:3)
  5 adders
  A ribbon worm (D:3)
  3 orcs (D:3)
  5 ball pythons
  3 endoplasms
  4 giant cockroaches
  A goblin (D:1)
  5 hobgoblins
  3 jackals (D:1)
  3 kobolds (D:1)
  3 quokkas
  2 bats
  2 frilled lizards
  5 rats
48 creatures vanquished.

Notes
Turn   | Place    | Note
-------+----------+-------------------------------------------
     0 | D:1      | qw the Djinni Hunter began the quest for the Orb.
     0 | D:1      | Reached XP level 1. HP: 18/18 MP: 0/0
     0 | D:1      | 0 ||| qw: Version: 0.3-a-136-gdd3b4e8
     0 | D:1      | 0 ||| qw: Game counter: 1196
     0 | D:1      | 0 ||| qw: Melee chars always use a shield: true
     0 | D:1      | 0 ||| qw: God list: Okawaru
     0 | D:1      | 0 ||| qw: Allow faded altars: false
     0 | D:1      | 0 ||| qw: Do Orc after clearing Dungeon:15 true
     0 | D:1      | 0 ||| qw: Do second Lair branch before Depths: true
     0 | D:1      | 0 ||| qw: Lair rune preference: random
     0 | D:1      | 0 ||| qw: Goals: Normal
     0 | D:1      | 0 ||| PLANNING D:1-11
    74 | D:1      | Reached XP level 2. HP: 23/23 MP: 0/0
   300 | D:1      | Reached skill level 4 in Ranged Weapons
   300 | D:1      | Reached XP level 3. HP: 24/28 MP: 0/0
   300 | D:1      | Learned a level 1 spell: Apportation
   613 | D:1      | 613 ||| READING scroll labelled QAKKIU TIBBEGH.
   613 | D:1      | 613 ||| ENCHANTING +0 shortbow.
   614 | D:1      | 614 ||| READING scroll labelled OCRIHILEUSCH.
   615 | D:1      | 615 ||| READING 3 scrolls labelled GUW ACECAYXKU.
   615 | D:1      | 615 ||| IDENTIFYING fizzy red potion
   616 | D:1      | 616 ||| READING 2 scrolls of identify.
   616 | D:1      | 616 ||| IDENTIFYING lumpy ruby potion
   617 | D:1      | 617 ||| DROPPING scroll of butterflies.
   733 | D:2      | 733 ||| FLEEEEING.
   734 | D:2      | 734 ||| FLEEEEING.
   882 | D:2      | Found an opulent altar of Gozag.
  1119 | D:2      | Reached skill level 3 in Fighting
  1119 | D:2      | Reached XP level 4. HP: 35/35 MP: 0/0
  1479 | D:2      | 1479 ||| READING 2 scrolls of identify.
  1479 | D:2      | 1479 ||| IDENTIFYING amethyst potion
  1480 | D:2      | 1480 ||| DRINKING potion of mutation.
  1480 | D:2      | Gained mutation: You have sharp fingernails. [potion of
                  | mutation]
  1481 | D:2      | 1481 ||| READING scroll of identify.
  1481 | D:2      | 1481 ||| IDENTIFYING sapphire potion
  1482 | D:2      | 1482 ||| READING scroll labelled KABARA EMAO.
  1483 | D:2      | 1483 ||| READING scroll labelled WOGEJI ILEO.
  1484 | D:2      | 1484 ||| READING scroll labelled UCIAR NEFRISUM ZEMN.
  1484 | D:2      | 1484 ||| ENCHANTING +0 shortbow.
  1485 | D:2      | 1485 ||| READING scroll labelled KAN FIPSEFA.
  1519 | D:3      | Found an iron altar of Okawaru.
  1520 | D:3      | 1520 ||| PLANNING OKAWARU WORSHIP
  1525 | D:3      | Became a worshipper of Warmaster Okawaru
  1526 | D:3      | 1526 ||| PLANNING D:1-11
  1563 | D:3      | Found a burning altar of Makhleb.
  1724 | D:3      | Reached skill level 3 in Dodging
  1833 | D:3      | Noticed Terence
  1842 | D:3      | HP: 6/35 [Terence/+0 flail (9)]
  1843 | D:3      | 1843 ||| DRINKING potion of heal wounds.
  1844 | D:3      | HP: 1/35 [Terence/+0 flail (8)]
  1845 | D:3      | Killed Terence
  1846 | D:3      | Reached XP level 5. HP: 2/40 MP: 0/0
  1846 | D:3      | Learned a level 2 spell: Jinxbite
  2368 | D:3      | 2368 ||| READING scroll of identify.
  2368 | D:3      | 2368 ||| IDENTIFYING 2 bubbling orange potions
  2369 | D:3      | 2369 ||| READING scroll labelled JATUDD KIZOIRCH.
  2369 | D:3      | Identified a scroll of acquirement
  2369 | D:3      | 2369 ||| ACQUIRING +1 pair of gloves "Toqiss" {Int+2}
  2369 | D:3      | Acquired the +1 pair of gloves "Toqiss" {Int+2}
  2371 | D:3      | 2371 ||| UPGRADING to +1 pair of gloves "Toqiss" {Int+2}.
  2419 | D:4      | 2419 ||| PLANNING SEWER
  2437 | D:4      | Noticed a lemure
  2437 | D:4      | Noticed a lemure
  2437 | D:4      | Noticed Pikel
  2438 | D:4      | 2438 ||| RETREEEEATING.
  2439 | D:4      | Noticed a lemure
  2440 | D:4      | 2440 ||| RETREEEEATING.
  2443 | D:4      | Noticed a lemure
  2449 | D:4      | Killed a lemure
  2457 | D:4      | HP: 6/40 [Pikel/+1 whip of electrocution (6)]
  2457 | D:4      | Slain by Pikel

Levels and vault maps discovered:
D:1:      sevenhm_arrival_forest_fort_large_2, layout_rooms,
          serial_bayou_crossing
D:2:      layout_basic, basic_altar
D:3:      layout_loops_ring, mainiacjoe_overflow_alcove_4,
          mainiacjoe_overflow_alcove_2, okawaru_gym_becter,
          nicolae_sif_muna_condensation, uniq_terence
D:4:      layout_rooms, kennysheep_slug_shrine, nicolae_overflow_crystal_walls,
          jmf_multi_god_temple, gammafunk_ghost_smash, portal_sewer_entry_f,
          uniq_pikel

Skill      XL: |  1  2  3  4 |
---------------+-------------+-----
Ranged Weapons | 4 |  4.5
Fighting       | 3 |  3.0
Dodging        | 3 |  3.1
Stealth        | |  0.7

Action                     |  1- 3 |  4- 6 || total
---------------------------+-------+-------++-------
   Fire: Shortbow          |    99 |    93 ||   192
    Use: Scroll            |     4 |     8 ||    12
         Potion            |       |     2 ||     2
 Armour: Leather armour    |    34 |    25 ||    59
  Dodge: Dodged            |    46 |    26 ||    72

Table legend:
 A = Non-vault XP
 B = Vault XP
 C = Vault XP percentage of total XP
 D = Non-vault monster count
 E = Vault monster count
 F = Vault count percentage of total count
                 A         B        C        D         E       F
            +---------+---------+-------+---------+---------+-------
      Total |     173 |      32 |  15.6 |      46 |       1 |   2.1
            +---------+---------+-------+---------+---------+-------
        D:1 |      34 |       0 |   0.0 |      20 |       0 |   0.0
        D:2 |      45 |       0 |   0.0 |      13 |       0 |   0.0
        D:3 |      92 |      32 |  25.8 |      12 |       1 |   7.7
        D:4 |       2 |       0 |   0.0 |       1 |       0 |   0.0
            +---------+---------+-------+---------+---------+-------
